Map: Ley Lines

Players

DonaldTrump

  • Race: Terran Terran
  • League: Master
  • Spawn Location: 7:00

LigerMaNN - Winner!

  • Race: Zerg Zerg
  • League: Diamond
  • Spawn Location: 1:00

VOD

Have the link to the VOD?

Description

Time

  • Played on: June 29, 2025, 2:25 a.m.
  • Length: 13:25
Show
View Real Time Build Order
Export as new Build Order

DonaldTrump Terran 

Build Orders: Hellion Opening, Reaper Expand 

Get SALT Encoding   

  12  0:00  SCV  
  13  0:12  SCV  
  14  0:17  Supply Depot  
  14  0:24  SCV  
  15  0:38  SCV  
  15  0:40  Barracks  
  16  0:43  Refinery  
  16  0:50  SCV  
  17  1:02  SCV  
  18  1:14  SCV  
  19  1:27  Reaper  
  19  1:29  Orbital Command  
  20  1:39  Command Center  
  20  1:46  Refinery  
  20  1:55  SCV  
  20  1:59  Marine  
  22  2:16  Factory  
  22  2:18  Barracks Reactor  
  22  2:58  Orbital Command  
  22  3:00  Bunker  
  22  3:09  Hellion  
  22  3:10  Hellion, Supply Depot  
  26  3:33  Barracks Reactor  
  25  3:35  Hellion x2  
  29  3:50  Armory  
  25  3:56  Hellion x2, Starport  
  24  4:17  Hellion  
  24  4:19  Hellion, Marine x2  
  24  4:23  Supply Depot  
  30  4:32  Starport Reactor  
  30  4:37  Marine  
  32  4:40  Hellion  
  32  4:49  Orbital Command  
  32  4:53  Marine  
  30  5:01  Hellion  
  32  5:11  Marine  
  33  5:18  SCV  
  34  5:24  Supply Depot  
  34  5:25  Supply Depot  
  34  5:29  Medivac x2  
  34  5:30  SCV  
  34  5:32  Barracks Reactor  
  39  5:37  Barracks  
  39  5:42  SCV  
  36  5:59  Medivac x2  
  34  6:13  Marine x2  
  34  6:17  Hellion  
  37  6:31  Marine x2  
  38  6:38  Hellion  
  40  6:40  Barracks Tech Lab  
  40  6:45  Barracks  
  40  6:49  Marine x2  
  42  7:00  Hellion  
  44  7:06  Marine x2  
  46  7:17  Stimpack  
  48  7:28  Marine  
  48  7:29  Marine  
  48  7:32  Factory Reactor, Marine  
  48  7:36  Barracks Tech Lab  
  49  7:43  SCV  
  49  7:44  Barracks  
  50  7:46  Marine x2  
  50  7:50  Marine  
  53  7:54  Marine  
  53  7:55  SCV  
  53  7:58  Liberator  
  58  8:04  Marine x2  
  60  8:06  SCV  
  60  8:07  SCV  
  62  8:24  Supply Depot  
  62  8:44  Marine x2  
  62  8:46  Marine x2, SCV  
  62  8:47  Supply Depot  
  59  8:58  SCV  
  59  9:01  Marine x2, Liberator  
  65  9:03  Marine x2  
  67  9:10  Supply Depot, SCV  
  68  9:22  Marauder x2, SCV  
  73  9:25  Barracks Tech Lab  
  73  9:26  Combat Shield  
  73  9:28  Concussive Shells  
  73  9:33  Supply Depot  
  73  9:37  Refinery x2  
  73  9:43  Marauder x2  
  77  9:56  Supply Depot  
  77  10:05  Marauder x2  
  81  10:14  Marauder  
  80  10:21  Engineering Bay x2  
  80  10:26  Marauder x2  
  84  10:34  Marine x2  
  84  10:35  Marauder  
  88  10:39  Widow Mine x2  
  92  10:47  Marauder x2  
  92  10:48  SCV  
  97  10:51  Marine  
  97  10:52  Marine  
  97  10:56  Marauder  
  101  11:00  SCV  
  102  11:08  Widow Mine  
  102  11:09  Marine  
  102  11:10  Marauder x2, Marine, Widow Mine  
  102  11:14  SCV  
  76  11:39  Marauder, Marine  
  61  11:40  Marine, Widow Mine  
  61  11:41  Marauder  
  61  11:42  Marauder  
  61  11:43  Widow Mine  
  57  12:01  Engineering Bay  
  57  12:02  Engineering Bay  
  57  12:03  Supply Depot  
  57  12:04  Supply Depot  
  57  12:05  Supply Depot  
  57  12:07  Marine x2  
  57  12:08  Marauder x3  
  56  12:23  Command Center  
  56  12:25  Marine x2  
  56  12:29  Marine x3  
  61  12:42  Medivac  
  61  12:43  Marine x2  
  65  12:47  Marauder x3  
  69  13:01  Marine x2  
Show
View Real Time Build Order
Export as new Build Order

LigerMaNN Zerg - Winner!

Build Orders: Hatch First, Zergling Baneling 

Get SALT Encoding   

  12  0:00  Drone  
  13  0:13  Overlord  
  13  0:18  Drone  
  14  0:31  Drone x2  
  14  0:35  Drone  
  17  0:52  Hatchery  
  17  0:54  Drone  
  17  0:57  Drone  
  18  1:09  Extractor  
  17  1:13  Spawning Pool  
  17  1:16  Drone  
  17  1:19  Drone  
  18  1:28  Drone  
  19  1:39  Overlord  
  19  2:04  Zergling x6  
  19  2:05  Queen x2  
  26  2:12  Metabolic Boost  
  26  2:14  Drone  
  27  2:16  Drone  
  27  2:22  Drone  
  29  2:34  Baneling Nest  
  27  2:57  Zergling x12  
  33  3:09  Overlord x2  
  32  3:33  Zergling x12  
  38  3:46  Overlord  
  38  3:47  Zergling x8  
  39  4:12  Zergling x8  
  39  4:14  Baneling x10  
  43  4:27  Drone  
  43  4:28  Drone x5  
  37  4:59  Drone x11  
  41  5:13  Hatchery  
  40  5:18  Zergling x6  
  43  5:22  Zergling x2  
  44  5:34  Drone x7  
  51  5:37  Drone  
  49  5:44  Zergling x2  
  41  6:03  Zergling x4  
  41  6:12  Drone x8  
  50  6:25  Drone  
  50  6:26  Drone x2  
  52  6:34  Queen x2  
  52  6:36  Lair  
  56  6:40  Drone x3, Evolution Chamber  
  56  6:41  Evolution Chamber  
  56  6:47  Extractor  
  56  6:49  Drone  
  56  6:50  Drone x2  
  59  7:08  Overlord x7  
  59  7:12  Zerg Melee Weapons Level 1, Zerg Ground Armor Level 1  
  59  7:29  Drone x2, Hatchery  
  61  7:30  Drone  
  61  7:31  Hatchery  
  60  7:40  Drone x2  
  60  7:41  Zergling x8  
  60  7:42  Zergling x6  
  69  7:44  Baneling x6  
  69  7:46  Centrifugal Hooks  
  69  7:50  Zergling x8  
  73  8:05  Spore Crawler  
  72  8:07  Spore Crawler  
  72  8:09  Spore Crawler  
  72  8:10  Zergling x20  
  80  8:24  Spire  
  80  8:25  Drone  
  80  8:26  Drone x2, Extractor  
  81  8:27  Drone x3, Extractor  
  81  8:30  Drone  
  81  8:31  Drone x2, Extractor  
  81  8:32  Drone x2, Extractor  
  81  8:33  Drone  
  77  9:07  Infestation Pit  
  77  9:08  Drone x12  
  77  9:09  Drone x5  
  93  9:11  Overlord x3  
  93  9:27  Zergling x20  
  103  9:31  Drone  
  103  9:32  Drone x2  
  103  9:33  Drone  
  103  9:36  Zerg Flyer Weapons Level 1  
  107  9:39  Zerg Melee Weapons Level 2  
  107  9:48  Zerg Ground Armor Level 2  
  105  9:59  Mutalisk x6  
  114  10:12  Zergling x24  
  126  10:30  Drone  
  126  10:31  Drone x3  
  126  10:33  Mutalisk  
  126  10:34  Mutalisk x5  
  142  10:48  Hive  
  143  10:50  Zergling x16  
  143  10:53  Baneling x7  
  143  10:54  Baneling  
  143  10:55  Overlord x2  
  143  10:56  Overlord x2  
  147  11:06  Queen  
  106  11:28  Zergling x40  
  111  11:50  Zergling x32  
  111  11:52  Baneling x13  
  111  12:22  Corruptor x3  
  113  12:26  Zergling x22  
  128  12:49  Corruptor  
  128  12:50  Ultralisk Cavern  
  128  12:51  Corruptor  
  129  12:54  Zergling x30  
  129  12:55  Zergling x2  
  144  13:05  Drone x3, Extractor  
  148  13:06  Drone x2, Extractor  
  148  13:07  Drone  
Tags
 
Add a new tag
Caveats
  • Supply blocks, unpowered buildings, or Contaminate may cause inaccurate times.
  • Supply counts are checked every 10 seconds.